 Dungeon Crawl Stone Soup version 0.30-a0-465-g8901f6c8b5 (webtiles) character file.

Game seed: 1973421759935317163

577 MackTheKnife the Insei (level 7, -7/46 HPs)
             Began as an Octopode Monk on Dec 18, 2022.
             Was an Initiate of Yredelemnul.
             Mangled by an ice beast (14 damage)
             ... on level 5 of the Dungeon.
             The game lasted 00:03:50 (2866 turns).

MackTheKnife the Insei (Octopode Monk)              Turns: 2866, Time: 00:03:50

Health: -7/46      AC:  1    Str: 12    XL:     7   Next: 35%
Magic:  7/7        EV: 14    Int: 13    God:    Yredelemnul [......]
Gold:   228        SH:  0    Dex: 14    Spells: 6/6 levels left

rFire   . . .      SeeInvis .      - Unarmed
rCold   . . .      Faith    .    (no shield)
rNeg    . . .      Spirit   .    (helmet restricted)
rPois   .          Reflect  .    (no amulet)
rElec   .          Harm     .    (no ring)
rCorr   .          Rampage  .    (no ring)
Will    .....                    (no ring)
Stlth   +++.......               (no ring)
HPRegen 0.27/turn                (no ring)
MPRegen 0.10/turn                (no ring)
                                 (no ring)
                                 (no ring)

@: no status effects
A: almost no armour, amphibious, 8 rings, camouflage 1, gelatinous body 1,
(nimble swimmer 1), tentacles
a: Renounce Religion, Recall Undead Harvest


You were on level 5 of the Dungeon.
You worshipped Yredelemnul.
Yredelemnul was noncommittal.
You visited 1 branch of the dungeon, and saw 5 of its levels.

You collected 228 gold pieces.


Innate Abilities, Weirdness & Mutations

You cannot wear most types of armour.
You are amphibious.
You can wear up to eight rings at the same time.
Your skin changes colour to match your surroundings (Stealth+).
Your rubbery body absorbs attacks. (AC +1, EV +1)
((You are camouflaged when in or above water. (Stealth+)))
You have tentacles for arms and can constrict up to eight enemies at once.


   Skills:
 + Level 3.5 Fighting
 + Level 3.5 Dodging
 - Level 2.6 Stealth
 + Level 7.7 Unarmed Combat


You had 6 spell levels left.
You didn't know any spells.
Your spell library contained the following spells:

 Spells                   Type           Power      Damage    Failure   Level
 Summon Small Mammal      Summ           0%         N/A       30%         1
 Call Canine Familiar     Summ           0%         N/A       67%         3
 Summon Guardian Golem    Hex/Summ       0%         N/A       67%         3

Inventory:

Scrolls
 b - a scroll of poison {unknown}
 c - 4 scrolls of teleportation {unknown}
 d - a scroll of enchant armour {unknown}
 f - 2 scrolls of identify {unknown}
 i - a scroll of summoning {unknown}
 j - 3 scrolls of amnesia {unknown}
 k - a scroll of fog {unknown}
 n - a scroll of vulnerability {unknown}
Potions
 a - a potion of ambrosia
 e - a potion of curing {unknown}
 g - 2 potions of brilliance {unknown}
 h - 4 potions of haste {@q3}
 l - a potion of berserk rage {unknown}
 m - 2 potions of heal wounds {unknown}
 o - a potion of might
 p - a potion of lignification {unknown}

Dungeon Overview and Level Annotations

Branches:
Dungeon (5/15) Zot: 26951  Temple (0/1) D:4

Altars:
Hepliaklqana
Uskayaw
Xom
Yredelemnul

.. . # . #.##.
..W######### #
...#.....# .
#$#Y....#
#.####.@)....#
#...##.#..(..#
#.#.##.#.....#
#.#.##.#######
#.#......#
#........#
#########.####
###.......#.####
#..............##.##


You could see an ice beast and a phantom.


Message History

You swap places.
Key pressed, stopping explore.
You swap places.
You open the large door.
A kobold and a hobgoblin come into view.
You swap places.
The hobgoblin shouts!
The kobold shouts!
There is a large open door here.
The kobold throws a stone.
The stone barely misses you. The hobgoblin closely misses you.
You tentacle-slap the hobgoblin but do no damage.
Your grab misses the hobgoblin. You tentacle-slap the hobgoblin.
You kill the hobgoblin!
The dead are walking!
Your ball python zombie misses the kobold.
Your ball python zombie barely misses the kobold.
Your ball python zombie bites the kobold.
Your ball python zombie barely misses the kobold.
The kobold barely misses you.
A kobold is nearby!
A kobold is nearby!
You barely miss the kobold. Your grab misses the kobold.
You squeeze the kobold.
You kill the kobold!
The dead are walking!
g - 2 viscous dark potions (gained 1)
You swap places.
You swap places.
You swap places.
Key pressed, stopping explore.
No target in view!
You swap places.
You swap places.
There is a large open door here.
Key pressed, stopping explore.
You see here a +0 helmet.
Key pressed, stopping explore.
There is an open door here.
You open the door.
There is an open door here.
Done exploring.
(D) Dungeon (T) Temple
Where to? (Enter - D:4, ? - help)
What level of the Dungeon? (default 1, ? - help)
There is a stone staircase leading down here.
You climb downwards.
Your mindless puppets stay behind to rot.
There is a stone staircase leading up here.
Key pressed, stopping explore.
An ice beast comes into view.
An ice beast is nearby!
An orc comes into view. It is wielding a +0 war axe.
The orc shouts!
A phantom comes into view.
The ice beast barely misses you.
You bludgeon the ice beast!
You tentacle-slap the ice beast, but do no damage.
Your squeeze misses the ice beast. You tentacle-slap the ice beast.
The ice beast misses you.
You closely miss the ice beast. The ice beast hits you.
The ice beast freezes you! 😮 HP[-13]
You take 13 damage, and now have 33/46 hp.
MASSIVE DAMAGE!! (PAUSE)
You closely miss the ice beast. The orc hits you with a +0 war axe!
* * * LOW HITPOINT WARNING * * *
The ice beast completely misses you. 😨 HP[-10]
You take 10 damage, and now have 23/46 hp.
MASSIVE DAMAGE!! (PAUSE) Unknown command.
You barely miss the ice beast. The orc misses you. The ice beast misses you.
Unknown command.
You tentacle-slap the orc. Your grab misses the orc. The orc barely misses you.
The ice beast misses you.
Unknown command.
You closely miss the ice beast. The orc closely misses you.
The ice beast misses you.
Unknown command.
You bludgeon the orc!
You kill the orc!
The ice beast hits you.
* * * LOW HITPOINT WARNING * * *
The ice beast freezes you!
* * * LOW HITPOINT WARNING * * *
😨 HP[-11]
You take 11 damage, and now have 12/46 hp.
MASSIVE DAMAGE!! (PAUSE)
You barely miss the ice beast.
Unknown command.
You tentacle-slap the ice beast.
You tentacle-slap the ice beast, but do no damage.
The ice beast closely misses you.
Unknown command.
You tentacle-slap the ice beast. You squeeze the ice beast!
The ice beast hits you.
* * * LOW HITPOINT WARNING * * *
The ice beast freezes you!
You die...
Your body rises from the dead as a mindless zombie.

Skill      XL: |  1  2  3  4  5  6 |
---------------+-------------------+-----
Unarmed Combat | 4 6 7 |  7.7
Fighting       | |  3.5
Dodging        | |  3.5
Stealth        | |  2.6

Action                   |  1- 3 |  4- 6 |  7- 9 || total
-------------------------+-------+-------+-------++-------
Melee: Unarmed           |    50 |    87 |    32 ||   169
       Constrict         |     9 |    26 |     5 ||    40
       Tentacles         |     7 |    21 |     7 ||    35
       Punch             |     2 |     3 |     3 ||     8
 Stab: Sleeping          |     8 |     2 |     5 ||    15
Armor: Skin              |     3 |     8 |       ||    11
Dodge: Dodged            |    23 |    67 |    21 ||   111

Levels and vault maps discovered:
D:1:      nzn_arrival_settlement, layout_loops_ring,
          dreamdust_ecumenical_altar_statues, serial_forest,
          infiniplex_forest_straight_4, infiniplex_forest_straight_4,
          infiniplex_forest_lined_corner, infiniplex_forest_lined_3,
          infiniplex_forest_fountain
D:2:      layout_rooms, uniq_sigmund, uniq_terence
D:3:      layout_rooms
D:4:      layout_gridville, mainiacjoe_overflow_surrounded_room,
          mainiacjoe_overflow_catwalk, nicolae_overflow_crystal_walls,
          minmay_temple_entry_large_hall, kennysheep_generic_room_7
D:5:      layout_loops_cross

Notes
Turn   | Place    | Note
-------+----------+-------------------------------------------
     0 | D:1      | MackTheKnife the Octopode Monk began the quest for the Orb.
     0 | D:1      | Reached XP level 1. HP: 16/16 MP: 1/1
     0 | D:1      | magus.rc [v1.9.6]
    71 | D:1      | HP: 4/16 [kobold/+0 short sword (3)]
   196 | D:1      | Reached XP level 2. HP: 15/21 MP: 2/2
   463 | D:1      | Found a faded altar of an unknown god.
   470 | D:1      | Reached skill level 4 in Unarmed Combat
   471 | D:1      | Prayed at the altar of an unknown god.
   471 | D:1      | Became a worshipper of Yredelemnul the Dark
   471 | D:1      | Reached * piety under Yredelemnul
   471 | D:1      | Reached ** piety under Yredelemnul
   506 | D:1      | Reached XP level 3. HP: 22/26 MP: 3/3
   923 | D:2      | Reached XP level 4. HP: 31/31 MP: 4/4
   929 | D:2      | Noticed Sigmund
   930 | D:2      | Noticed Terence
  1080 | D:2      | Reached skill level 5 in Unarmed Combat
  1142 | D:2      | Killed Terence
  1198 | D:2      | Killed Sigmund
  1199 | D:2      | Reached skill level 6 in Unarmed Combat
  1199 | D:2      | Reached XP level 5. HP: 21/36 MP: 5/5
  1199 | D:2      | Reached XP level 6. HP: 25/42 MP: 6/6
  1484 | D:3      | You pick up a book of Callings and begin reading...
  1484 | D:3      | You add the spells Summon Small Mammal, Call Canine
                  | Familiar and Summon Guardian Golem to your library.
  1531 | D:3      | Reached skill level 7 in Unarmed Combat
  1535 | D:3      | HP: 9/42 [something (4)]
  2033 | D:4      | Found a hide-covered altar of Uskayaw.
  2127 | D:4      | Found a staircase to the Ecumenical Temple.
  2223 | D:4      | Found a shimmering altar of Xom.
  2274 | D:4      | Reached XP level 7. HP: 34/46 MP: 7/7
  2412 | D:4      | Found a hazy altar of Hepliaklqana.
  2817 | D:5      | Entered Level 5 of the Dungeon
  2866 | D:5      | HP: 7/46 [ice beast (5)]
  2866 | D:5      | Mangled by an ice beast

Vanquished Creatures
  Sigmund (D:2)
  A howler monkey (D:4)
  2 orc priests (D:3)
  2 jellies (D:4)
  A hound (D:4)
  Terence (D:2)
  An orc wizard (D:3)
  A gnoll (D:1)
  7 adders
  A worm (D:3)
  2 dart slugs
  9 orcs
  2 ball pythons
  3 bats
  6 endoplasms
  A giant cockroach (D:1)
  3 goblins
  9 hobgoblins
  15 jackals
  6 kobolds
  2 quokkas (D:2)
  2 frilled lizards
  A rat (D:3)
79 creatures vanquished.

Vanquished Creatures (collateral kills)
  An orc (D:3)
  2 bats (D:3)
3 creatures vanquished.

Vanquished Creatures (others)
  A hobgoblin zombie (D:3)
  A jackal zombie (D:3)
  A rat zombie (D:3)
3 creatures vanquished.

Grand Total: 85 creatures vanquished

Table legend:
 A = Non-vault XP
 B = Vault XP
 C = Vault XP percentage of total XP
 D = Non-vault monster count
 E = Vault monster count
 F = Vault count percentage of total count
                 A         B        C        D         E       F
            +---------+---------+-------+---------+---------+-------
      Total |     545 |     280 |  33.9 |      78 |       4 |   4.9
            +---------+---------+-------+---------+---------+-------
        D:1 |      45 |       0 |   0.0 |      17 |       0 |   0.0
        D:2 |      68 |     277 |  80.3 |      12 |       2 |  14.3
        D:3 |     201 |       0 |   0.0 |      29 |       0 |   0.0
        D:4 |     228 |       3 |   1.3 |      19 |       2 |   9.5
        D:5 |       3 |       0 |   0.0 |       1 |       0 |   0.0
            +---------+---------+-------+---------+---------+-------

Illustrated notes

Table legend:
 A = Kills in this place as a percentage of kills in entire the game.
 B = Kills by you in this place as a percentage of kills by you in the entire game.
 C = Kills by friends in this place as a percentage of kills by friends in the entire game.
 D = Other kills in this place as a percentage of other kills in the entire game.
 E = Experience gained in this place as a percentage of experience gained in the entire game.
 F = Experience gained in this place divided by the number of levels of this place that you have seen.
                   A       B       C       D       E      F
               +-------+-------+-------+-------+-------+----------------------
         Total | 100.0 | 100.0 | 100.0 |   N/A | 100.0 | 165.0
       Dungeon | 100.0 | 100.0 | 100.0 |   N/A | 100.0 | 165.0
               +-------+-------+-------+-------+-------+----------------------

Table legend: (Time is in decaauts)
 A = Elapsed time spent in this place.
 B = Non-inter-level travel time spent in this place.
 C = Inter-level travel time spent in this place.
 D = Time resting spent in this place.
 E = Time spent auto-exploring this place.
 F = Levels seen in this place.
 G = Mean time per level.
                   A        B        C        D        E       F      G
               +--------+--------+--------+--------+--------+-----+--------+
         Total |   2848 |   2740 |    108 |    268 |   1969 |   5 |  569.6 |
       Dungeon |   2848 |   2740 |    108 |    268 |   1969 |   5 |  569.6 |
               +--------+--------+--------+--------+--------+-----+--------+

Top non-repeatable levels by time:
     D:1: 829 daAuts
     D:4: 803 daAuts
     D:2: 597 daAuts
     D:3: 570 daAuts
     D:5: 47 daAuts
